EVO
UNIVERSITY OF ARIZONA WILDCATS @ UCLA BRUINS
09/05/2046
 
TOP OF THE 1ST
University of Arizona Wildcats batting - Pitching for UCLA Bruins : RHP Billy McKinzie
Pitching: RHP Billy McKinzie
Batting: RHB Alejandro de Jesus 0-0: Ball
1-0: Ball
2-0: Swinging Strike
2-1: Foul Ball, location: 2F
2-2: Ball
3-2: Ground out 4-3 (Groundball, 4, EV 85.6 MPH)
Batting: LHB Pascal Noël 0-0: Fly out, F7 (Flyball, 7, EV 85.6 MPH)
Batting: RHB C.J. Wells 0-0: Ball
1-0: Ball
2-0: Foul Ball, location: 2F
2-1: Fly out, F7 (Flyball, 7, EV 81.9 MPH)
Top of the 1st over - 0 runs, 0 hits, 0 errors, 0 left on base; University of Arizona 0 - UCLA 0
BOTTOM OF THE 1ST
UCLA Bruins batting - Pitching for University of Arizona Wildcats : LHP Jason Luttrell
Pitching: LHP Jason Luttrell
Batting: RHB Hidesuke Yoshida 0-0: Bunt for hit to P - play at first, batter safe!
Batting: RHB Juan Carrillo 0-0: Ball
1-0: Called Strike
1-1: Ball
2-1: Ball
3-1: Base on Balls
Hidesuke Yoshida to second
Batting: RHB Issac Konol 0-0: Called Strike
0-1: Ball
1-1: Called Strike
1-2: Fielders Choice at 2nd, 3-6 (Groundball, 3, EV 102.5 MPH)
Hidesuke Yoshida to third
Batting: RHB Angel Melendez 0-0: Grounds into double play, 5-4-3 (Groundball, 56, EV 85.6 MPH)
Bottom of the 1st over - 0 runs, 1 hit, 0 errors, 1 left on base; University of Arizona 0 - UCLA 0
TOP OF THE 2ND
University of Arizona Wildcats batting - Pitching for UCLA Bruins : RHP Billy McKinzie
Batting: RHB Scott Anderson 0-0: Fly out, F4 (Popup, 4M, EV 58.1 MPH)
Batting: RHB Larry Harlow 0-0: Foul Ball, location: 2F
0-1: Ball
1-1: Ball
2-1: Foul Ball, location: 2F
2-2: Ball
3-2: Base on Balls
Batting: LHB Lihau Keawe 0-0: Grounds into double play, 6-4-3 (Groundball, 6, EV 83.8 MPH)
Top of the 2nd over - 0 runs, 0 hits, 0 errors, 0 left on base; University of Arizona 0 - UCLA 0
BOTTOM OF THE 2ND
UCLA Bruins batting - Pitching for University of Arizona Wildcats : LHP Jason Luttrell
Batting: SHB Sean Munns 0-0: Ball
1-0: Fly out, F8 (Flyball, 8LD, EV 73.8 MPH)
Batting: RHB Benedikt Fleischmann 0-0: DOUBLE (Flyball, 7D, EV 95.6 MPH)
Batting: LHB Mark Cummings 0-0: Foul Ball, location: 2F
0-1: Ball
1-1: Swinging Strike
1-2: Ground out 6-3 (Groundball, 56D, EV 102.5 MPH)
Batting: LHB Bill Helmer 0-0: Ball
1-0: Called Strike
1-1: Fly out, F8 (Flyball, 8LD, EV 107.5 MPH)
Bottom of the 2nd over - 0 runs, 1 hit, 0 errors, 1 left on base; University of Arizona 0 - UCLA 0
TOP OF THE 3RD
University of Arizona Wildcats batting - Pitching for UCLA Bruins : RHP Billy McKinzie
Batting: RHB Blake Grover 0-0: Foul Ball, location: 2F
0-1: Ball
1-1: Ball
2-1: SOLO HOME RUN (Flyball, 7LD, EV 94.4 MPH), Distance : 339 ft
Batting: RHB Alex Ruschin 0-0: Swinging Strike
0-1: Ball
1-1: Foul Ball, location: 2F
1-2: Strikes out looking
Batting: RHB Josh Carpenter 0-0: Called Strike
0-1: Swinging Strike
0-2: SINGLE (Groundball, 4D, EV 103.1 MPH)
Batting: RHB Alejandro de Jesus 0-0: Called Strike
0-1: Ball
1-1: Ball
2-1: Fly out, F7 (Line Drive, 7S, EV 106.2 MPH)
Batting: LHB Pascal Noël 0-0: Swinging Strike
0-1: Ball
1-1: Foul Ball, location: 2F
1-2: Foul Ball, location: 2F
1-2: Ball
2-2: Ball
3-2: Ground out 5-3 (Groundball, 56, EV 97.5 MPH)
Top of the 3rd over - 1 run, 2 hits, 0 errors, 1 left on base; University of Arizona 1 - UCLA 0
BOTTOM OF THE 3RD
UCLA Bruins batting - Pitching for University of Arizona Wildcats : LHP Jason Luttrell
Batting: RHB Carlos Murillo 0-0: Ball
1-0: Ground out 5-3 (Groundball, 5, EV 80.6 MPH)
Batting: RHB Hidesuke Yoshida 0-0: Called Strike
0-1: Foul Ball, location: 2F
0-2: Strikes out swinging
Batting: RHB Juan Carrillo 0-0: Ball
1-0: Ground out 6-3 (Groundball, 6S, EV 87.5 MPH)
Bottom of the 3rd over - 0 runs, 0 hits, 0 errors, 0 left on base; University of Arizona 1 - UCLA 0
TOP OF THE 4TH
University of Arizona Wildcats batting - Pitching for UCLA Bruins : RHP Billy McKinzie
Batting: RHB C.J. Wells 0-0: Called Strike
0-1: Ball
1-1: Ball
2-1: Ball
3-1: Base on Balls
Batting: RHB Scott Anderson 0-0: Called Strike
0-1: Ball
1-1: SINGLE (Groundball, 34, EV 87.5 MPH) (infield hit)
C.J. Wells to second
Batting: RHB Larry Harlow 0-0: Swinging Strike
0-1: Foul Ball, location: 2F
0-2: Fly out, F8 (Line Drive, 8LM, EV 108.1 MPH)
Batting: LHB Lihau Keawe 0-0: Swinging Strike
0-1: Ball
1-1: Ball
2-1: Swinging Strike
2-2: Ball
3-2: Foul Ball, location: 2F
3-2: Strikes out swinging
Batting: RHB Blake Grover 0-0: Ball
1-0: Foul Ball, location: 2F
1-1: Ball
2-1: Foul Ball, location: 2F
2-2: Fly out, F3 (Popup, 3F, EV 67.5 MPH)
Top of the 4th over - 0 runs, 1 hit, 0 errors, 2 left on base; University of Arizona 1 - UCLA 0
BOTTOM OF THE 4TH
UCLA Bruins batting - Pitching for University of Arizona Wildcats : LHP Jason Luttrell
Batting: RHB Issac Konol 0-0: Called Strike
0-1: Fly out, F4 (Line Drive, 4, EV 66.9 MPH)
Batting: RHB Angel Melendez 0-0: Fly out, F3 (Line Drive, 3, EV 71.2 MPH)
Batting: SHB Sean Munns 0-0: Foul Ball, location: 2F
0-1: Swinging Strike
0-2: Foul Ball, location: 2F
0-2: Ball
1-2: Ball
2-2: Foul Ball, location: 2F
2-2: Foul Ball, location: 2F
2-2: Ball
3-2: Base on Balls
Batting: RHB Benedikt Fleischmann 0-0: Ball
1-0: Ball
2-0: Ball
3-0: Base on Balls
Sean Munns to second
Pitching: RHP Chris Obloy
Batting: LHB Mark Cummings 0-0: Called Strike
0-1: Ball
1-1: Ball
2-1: Foul Ball, location: 2F
2-2: Ball
3-2: Hit by Pitch
Sean Munns to third
Benedikt Fleischmann to second
Pinch Hitting: RHB Michael Alvarado 0-0: Ball
1-0: Ball
2-0: Fly out, F9 (Line Drive, 9S, EV 86.2 MPH)
Bottom of the 4th over - 0 runs, 0 hits, 0 errors, 3 left on base; University of Arizona 1 - UCLA 0
TOP OF THE 5TH
University of Arizona Wildcats batting - Pitching for UCLA Bruins : RHP Billy McKinzie
Now in LF: Carlos Guadarrama
Batting: RHB Alex Ruschin 0-0: Foul Ball, location: 2F
0-1: Ball
1-1: Foul Ball, location: 2F
1-2: Ball
2-2: Foul Ball, location: 2F
2-2: Ground out 4-3 (Groundball, 13, EV 80.0 MPH)
Batting: RHB Josh Carpenter 0-0: Called Strike
0-1: Fly out, F8 (Flyball, 8LM, EV 81.2 MPH)
Batting: RHB Alejandro de Jesus 0-0: Ball
1-0: Foul Ball, location: 2F
1-1: Called Strike
1-2: SINGLE (Groundball, 56D, EV 105.0 MPH)
Pitching: LHP Kenny Coolbaugh
Batting: LHB Pascal Noël 0-0: Ball
1-0: Called Strike
1-1: Ball
2-1: Called Strike
2-2: Ground out 4-3 (Groundball, 4S, EV 84.4 MPH)
Top of the 5th over - 0 runs, 1 hit, 0 errors, 1 left on base; University of Arizona 1 - UCLA 0
BOTTOM OF THE 5TH
UCLA Bruins batting - Pitching for University of Arizona Wildcats : RHP Chris Obloy
Batting: RHB Carlos Murillo 0-0: SINGLE (Groundball, 56, EV 104.4 MPH)
Batting: RHB Hidesuke Yoshida 0-0: Sac Bunt to 13 - play at first, batter OUT! 1-3
Carlos Murillo to second
Batting: RHB Juan Carrillo 0-0: Fly out, F9 (Flyball, 89M, EV 86.9 MPH)
Batting: RHB Issac Konol 0-0: Ball
1-0: Called Strike
1-1: Fly out, F4 (Popup, 4M, EV 69.4 MPH)
Bottom of the 5th over - 0 runs, 1 hit, 0 errors, 1 left on base; University of Arizona 1 - UCLA 0
TOP OF THE 6TH
University of Arizona Wildcats batting - Pitching for UCLA Bruins : LHP Kenny Coolbaugh
Batting: RHB C.J. Wells 0-0: Fly out, F9 (Flyball, 9D, EV 97.5 MPH)
Batting: RHB Scott Anderson 0-0: Swinging Strike
0-1: Ball
1-1: Ball
2-1: Ball
3-1: Base on Balls
Batting: RHB Larry Harlow 0-0: Ball
1-0: Called Strike
1-1: Foul Ball, location: 2F
1-2: Strikes out swinging
Pitching: LHP Joe Landgraff
Batting: LHB Lihau Keawe 0-0: Ball
1-0: Foul Ball, location: 2F
1-1: Ball
2-1: Ball
3-1: Called Strike
3-2: Ground out 6-3 (Groundball, 6, EV 80.0 MPH)
Top of the 6th over - 0 runs, 0 hits, 0 errors, 1 left on base; University of Arizona 1 - UCLA 0
BOTTOM OF THE 6TH
UCLA Bruins batting - Pitching for University of Arizona Wildcats : RHP Chris Obloy
Pitching: LHP Jessie Leslie
Batting: RHB Angel Melendez 0-0: Called Strike
0-1: Foul Ball, location: 2F
0-2: Foul Ball, location: 2F
0-2: SOLO HOME RUN (Flyball, 9LD, EV 95.0 MPH), Distance : 349 ft
Batting: SHB Sean Munns 0-0: Called Strike
0-1: Ball
1-1: Foul Ball, location: 2F
1-2: Foul Ball, location: 2F
1-2: Ball
2-2: Ball
3-2: Ground out 4-3 (Groundball, 4, EV 93.1 MPH)
Batting: RHB Benedikt Fleischmann 0-0: Ball
1-0: Ball
2-0: Called Strike
2-1: Foul Ball, location: 2F
2-2: Fly out, F9 (Flyball, 89S, EV 92.5 MPH)
Batting: LHB Mark Cummings 0-0: Ball
1-0: Called Strike
1-1: Ground out U3 (Groundball, 34, EV 83.8 MPH)
Bottom of the 6th over - 1 run, 1 hit, 0 errors, 0 left on base; University of Arizona 1 - UCLA 1
TOP OF THE 7TH
University of Arizona Wildcats batting - Pitching for UCLA Bruins : LHP Joe Landgraff
Batting: RHB Blake Grover 0-0: Ball
1-0: Foul Ball, location: 2F
1-1: Foul Ball, location: 2F
1-2: Ball
2-2: SINGLE (Groundball, 4M, EV 110.6 MPH)
Batting: RHB Alex Ruschin 0-0: Sac Bunt to 23 - play at first, batter safe!
Blake Grover to second
Batting: RHB Josh Carpenter 0-0: Ball
1-0: Fielders Choice at 2nd, 5-4 (Groundball, 56S, EV 82.5 MPH)
Blake Grover to third
Pinch Hitting: RHB Ron Dondale 0-0: Fly out, F8 (Flyball, 8RD, EV 102.5 MPH)
Runner from 3rd tags up, SCORES, throw by CF
Batting: LHB Pascal Noël 0-0: SINGLE (Groundball, 6D, EV 105.6 MPH)
Josh Carpenter to second
Batting: RHB C.J. Wells 0-0: Swinging Strike
0-1: Called Strike
0-2: Ball
1-2: Foul Ball, location: 2F
1-2: Foul Ball, location: 2F
1-2: Fielders Choice at 2nd, 5-4 (Groundball, 56, EV 81.9 MPH)
Top of the 7th over - 1 run, 3 hits, 0 errors, 2 left on base; University of Arizona 2 - UCLA 1
BOTTOM OF THE 7TH
UCLA Bruins batting - Pitching for University of Arizona Wildcats : LHP Jessie Leslie
Pitching: RHP Andy Darnell
Now at 3B: Ron Dondale
Batting: LHB Carlos Guadarrama 0-0: Ball
1-0: SINGLE (Line Drive, 6D, EV 110.6 MPH)
Batting: RHB Carlos Murillo 0-0: SINGLE (Groundball, 6M, EV 100.6 MPH) (infield hit)
Carlos Guadarrama to second
Pinch Hitting: LHB Scott Mullett 0-0: Called Strike
0-1: Ball
1-1: Called Strike
1-2: Fielders Choice at 2nd, 5-4 (Groundball, 5, EV 103.8 MPH)
Carlos Guadarrama to third
Pinch Hitting: RHB Xavier Reeves 0-0: Ball
1-0: Ball
2-0: Ball
3-0: Foul Ball, location: 2F
3-1: Foul Ball, location: 2F
3-2: Base on Balls
Scott Mullett to second
Batting: RHB Issac Konol 0-0: Ball
1-0: Called Strike
1-1: Ball
2-1: Ball
3-1: Foul Ball, location: 2F
3-2: Foul Ball, location: 2F
3-2: Foul Ball, location: 2F
3-2: Base on Balls
Carlos Guadarrama scores
Scott Mullett to third
Xavier Reeves to second
Batting: RHB Angel Melendez 0-0: Called Strike
0-1: Ball
1-1: Ball
2-1: Ball
3-1: Base on Balls
Scott Mullett scores
Xavier Reeves to third
Issac Konol to second
Pitching: RHP Fita Muzorewa
Batting: SHB Sean Munns 0-0: Called Strike
0-1: Ball
1-1: Called Strike
1-2: Foul Ball, location: 2F
1-2: Foul Ball, location: 2F
1-2: Strikes out swinging
Batting: RHB Benedikt Fleischmann 0-0: Ball
1-0: Called Strike
1-1: Ball
2-1: Foul Ball, location: 2F
2-2: Fly out, F7 (Flyball, 7LS, EV 91.2 MPH)
Bottom of the 7th over - 2 runs, 2 hits, 0 errors, 3 left on base; University of Arizona 2 - UCLA 3
TOP OF THE 8TH
University of Arizona Wildcats batting - Pitching for UCLA Bruins : LHP Joe Landgraff
Pitching: RHP Luis de Jesus
Now at SS: Xavier Reeves
Now in LF: Scott Mullett
Now in CF: Carlos Guadarrama
Pinch Hitting: LHB Andrew Davis 0-0: Called Strike
0-1: Ball
1-1: Foul Ball, location: 2F
1-2: Fly out, F7 (Flyball, 7S, EV 88.8 MPH)
Batting: RHB Larry Harlow 0-0: Called Strike
0-1: Ball
1-1: Foul Ball, location: 2F
1-2: Foul Ball, location: 2F
1-2: SINGLE (Groundball, 34S, EV 70.6 MPH) (infield hit)
Pitching: RHP Alex Rosales
Batting: LHB Lihau Keawe 0-0: Called Strike
0-1: Ball
1-1: Ball
2-1: Fly out, F7 (Line Drive, 7S, EV 87.5 MPH)
Pinch Hitting: RHB Eddy Amaya 0-0: Called Strike
0-1: Fly out, F8 (Flyball, 8LXD, EV 90.6 MPH)
Top of the 8th over - 0 runs, 1 hit, 0 errors, 1 left on base; University of Arizona 2 - UCLA 3
BOTTOM OF THE 8TH
UCLA Bruins batting - Pitching for University of Arizona Wildcats : RHP Fita Muzorewa
Now at 1B: Eddy Amaya
Now at SS: Andrew Davis
Batting: LHB Mark Cummings 0-0: Called Strike
0-1: Swinging Strike
0-2: Foul Ball, location: 2F
0-2: Ball
1-2: Foul Ball, location: 2F
1-2: Ground out 4-3 (Groundball, 4, EV 109.4 MPH)
Batting: LHB Carlos Guadarrama 0-0: Swinging Strike
0-1: Foul Ball, location: 2F
0-2: Ball
1-2: Ground out 6-3 (Groundball, 6, EV 77.5 MPH)
Batting: RHB Carlos Murillo 0-0: Ground out 5-3 (Groundball, 56S, EV 86.9 MPH)
Bottom of the 8th over - 0 runs, 0 hits, 0 errors, 0 left on base; University of Arizona 2 - UCLA 3
TOP OF THE 9TH
University of Arizona Wildcats batting - Pitching for UCLA Bruins : RHP Alex Rosales
Pitching: RHP Kyle Mann
Pinch Hitting: SHB George Grace 0-0: Ball
1-0: Ball
2-0: Called Strike
2-1: Foul Ball, location: 2F
2-2: Strikes out swinging
Batting: RHB Josh Carpenter 0-0: Swinging Strike
0-1: Ball
1-1: Foul Ball, location: 2F
1-2: Strikes out swinging
Batting: RHB Ron Dondale 0-0: Foul Ball, location: 2F
0-1: Ball
1-1: Called Strike
1-2: Foul Ball, location: 2F
1-2: Strikes out swinging
Top of the 9th over - 0 runs, 0 hits, 0 errors, 0 left on base; University of Arizona 2 - UCLA 3
Tuesday, September 13th , 2022 - OOTP Baseball 23.7 Build 88